 Dungeon Crawl Stone Soup version 0.18.1-48-g4cf74bf (webtiles) character file.

2298 Alarkh the Archer (level 9, -4/61 HPs)
             Began as a Mummy Hunter on Sept 4, 2016.
             Was a Believer of Okawaru.
             Slain by a centaur
             ... wielding a +0 halberd
              (8 damage)
             ... in a bailey.
             The game lasted 00:16:41 (8048 turns).

Alarkh the Archer (Mummy Hunter)                    Turns: 8048, Time: 00:16:42

Health: -4/61      AC: 14    Str: 16    XL:     9   Next: 17%
Magic:  9/9        EV: 11    Int: 13    God:    Okawaru [**....]
Gold:   346        SH:  0    Dex: 12    Spells: 0 memorised, 8 levels left

rFire  x . .     SeeInvis .     b - +4 quarterstaff (chaos)
rCold  + . .     Gourm    .     c - +0 leather armour
rNeg   + + +     Faith    .     (shield currently unavailable)
rPois  ∞         Spirit   .     (no helmet)
rElec  .         Dismiss  .     t - +0 cloak
rCorr  .         Reflect  .     s - +2 pair of gloves
SustAt .         Harm     .     v - +2 pair of boots
MR     ++...                    (no amulet)
Stlth  +.........               q - ring of protection from magic
                                h - +4 ring of protection

@: very slightly contaminated, very resistant to hostile enchantments, very
unstealthy
A: no food or potions, fire vulnerability, cold resistance 1, negative energy
resistance 3, torment resistance, unbreathing
a: Heroism, Renounce Religion


You were in a bailey.
You worshipped Okawaru.
Okawaru was pleased with you.
You were not hungry.

You visited 2 branches of the dungeon, and saw 9 of its levels.
You also visited: Ossuary and Bailey.

You collected 576 gold pieces.
You spent 230 gold pieces at shops.

Inventory:

Hand Weapons
 a - a +1 shortbow
 b - a +4 quarterstaff of chaos (weapon)
 x - a +0 short sword
 z - a +1 short sword of protection
 A - a +0 quarterstaff
Missiles
 d - 11 arrows
 g - 2 throwing nets (quivered)
Armour
 c - a +0 leather armour (worn)
 s - a +2 pair of gloves (worn)
 t - a +0 cloak (worn)
 v - a +2 pair of boots (worn)
Jewellery
 h - a +4 ring of protection (left hand)
 q - a ring of protection from magic (right hand)
Wands
 n - a wand of paralysis (5/24)
 r - a wand of paralysis (6/24)
 y - a wand of digging (11/24)
Scrolls
 e - a scroll of identify
 f - 3 scrolls of amnesia
 i - a scroll of blinking
 j - 5 scrolls of remove curse
 k - 2 scrolls of immolation
 l - a scroll of recharging
 m - 3 scrolls of teleportation
 o - 2 scrolls of noise
 p - a scroll of vulnerability
 u - 3 scrolls of enchant weapon {unknown}
 w - 2 scrolls of enchant armour {unknown}


   Skills:
 - Level 2.0 Fighting
 + Level 10.7 Bows
 - Level 1.5 Dodging
 - Level 0.7 Stealth


You had 8 spell levels left.
You didn't know any spells.

Dungeon Overview and Level Annotations

Branches:
Dungeon (8/15)             Temple (1/1) D:4
   Lair: D:8-11

Altars:
Ashenzari
Cheibriados
Dithmenos
Elyvilon
Fedhas
Gozag
Kikubaaqudgha
Makhleb
Nemelex Xobeh
Okawaru
Pakellas
Qazlal
Ru
Sif Muna
Trog
Vehumet
Xom
Yredelemnul
Zin
The Shining One

Shops:
D:5 [   D:6 }


Innate Abilities, Weirdness & Mutations

You do not eat or drink.
Your flesh is vulnerable to fire.
You are immune to poison.
Your flesh is cold resistant.
You are immune to negative energy.
You are immune to unholy pain and torment.
You can survive without breathing.


Message History

The centaur throws a javelin of returning.
The javelin of returning hits you!
* * * LOW HITPOINT WARNING * * *
The weapon returns to the centaur!
The centaur throws a javelin of returning.
The javelin of returning closely misses you.
The weapon returns to the centaur!
A centaur comes into view. It is wielding a halberd.
Read which item? (? for menu, Esc to quit)
Blink to where?
Press: ? - help, Dir - move target cursor You are very lightly contaminated with residual magic.
As you read the scroll of blinking, it crumbles to dust.
The centaur shouts!
The centaur hits you with a halberd!
* * * LOW HITPOINT WARNING * * *
Found 87 gold pieces.
You hit the centaur but do no damage. The centaur barely misses you.
The centaur hits you with a halberd!
You die...

..≈≈≈.....≈≈≈.≈≈.
#≈≈⌠..≈≈..≈≈≈≈≈..≈≈c≈o
#≈≈$.≈≈.≈≈≈...≈≈≈.≈.≈≈
#≈$..≈.≈≈..⌠.⌠..≈.≈≈)≈
#≈$$.≈.....∩(∩..≈).).≈
#≈$..≈.≈≈..⌠.⌠..≈o≈≈.≈
#≈≈..≈≈.≈≈≈...≈≈≈.≈.≈≈
#≈≈⌠..≈≈..≈≈≈≈≈..≈≈.≈o
#≈≈c@.≈≈≈.....≈≈≈.≈≈.
##≈≈....≈≈≈≈≈≈≈..≈≈..
##≈..≈≈.......≈≈≈.⌠.
#≈...≈≈≈≈≈≈≈≈≈.o..#
#≈............#####
####+##########


You could see a centaur.

Vanquished Creatures
  Sigmund (D:2)
  A hungry ghost (D:7)
  Duvessa (D:7)
  A sky beast (D:6)
  2 necrophages (D:7)
  An orc warrior (D:7)
  A phantom (D:3)
  An ogre (D:5)
  An elf zombie (Ossuary)
  Dowan (D:7)
  2 scorpions (D:4)
  4 wights (D:6)
  2 howler monkeys (D:4)
  2 centaur zombies (Ossuary)
  A giant frog zombie (D:6)
  2 crimson imps (D:6)
  2 giant frog skeletons
  6 hounds
  2 orc wizards
  Crazy Yiuf (D:7)
  2 worker ants
  A big kobold zombie (Ossuary)
  A hound zombie (D:7)
  A hound skeleton (D:7)
  3 mummies (Ossuary)
  A howler monkey skeleton (D:6)
  10 adders
  6 gnolls
  2 oozes
  An adder skeleton (D:4)
  6 adder zombies
  A worm (D:2)
  5 giant geckos
  17 orcs
  A ball python (D:2)
  10 bats
  8 giant cockroaches
  2 gnoll zombies (Ossuary)
  7 goblins
  7 hobgoblins
  16 jackals
  A quokka (D:6)
  3 giant newts
  3 goblin zombies (Ossuary)
  6 hobgoblin zombies (Ossuary)
  2 jackal zombies (Ossuary)
  5 kobolds
  3 kobold zombies (Ossuary)
  2 orc zombies (Ossuary)
  6 quokka zombies (Ossuary)
  6 rats
180 creatures vanquished.

Vanquished Creatures (others)
  A quokka (D:5)
1 creature vanquished.

Grand Total: 181 creatures vanquished

Notes
Turn   | Place    | Note
--------------------------------------------------------------
     0 | D:1      | Alarkh the Mummy Hunter began the quest for the Orb.
     0 | D:1      | Reached XP level 1. HP: 16/16 MP: 1/1
   134 | D:1      | Reached XP level 2. HP: 22/22 MP: 2/2
   449 | D:1      | Reached skill level 4 in Bows
   654 | D:2      | Reached XP level 3. HP: 27/27 MP: 3/3
   792 | D:2      | Noticed Sigmund
  1039 | D:3      | Reached XP level 4. HP: 26/33 MP: 4/4
  1184 | D:3      | Noticed a phantom
  1203 | D:3      | Killed a phantom
  1203 | D:3      | Reached skill level 5 in Bows
  1203 | D:3      | Reached XP level 5. HP: 19/38 MP: 5/5
  1298 | D:3      | Noticed a sky beast
  2097 | D:2      | Killed Sigmund
  2097 | D:2      | Reached skill level 6 in Bows
  2097 | D:2      | Reached XP level 6. HP: 24/44 MP: 6/6
  2666 | D:2      | Found a sparkling altar of Nemelex Xobeh.
  3246 | D:3      | Found an iron altar of Okawaru.
  3376 | D:3      | Became a worshipper of Warmaster Okawaru
  3574 | D:4      | Reached skill level 7 in Bows
  3585 | D:4      | Reached XP level 7. HP: 17/50 MP: 7/7
  3965 | D:4      | Found a sacrificial altar of Ru.
  4318 | D:4      | Found a staircase to the Ecumenical Temple.
  4421 | Temple   | Entered the Ecumenical Temple
  4657 | D:5      | Entered Level 5 of the Dungeon
  4709 | D:5      | Found Lotimes's Armour Shoppe.
  4716 | D:5      | Bought a +2 pair of gloves for 181 gold pieces
  4716 | D:5      | Bought a +0 cloak for 49 gold pieces
  4863 | D:5      | Reached skill level 8 in Bows
  4888 | D:5      | Found a sand-covered staircase.
  5006 | Ossuary  | Entered an ossuary
  5327 | Ossuary  | Reached * piety under Okawaru
  5438 | Ossuary  | Reached XP level 8. HP: 52/56 MP: 8/8
  5718 | D:5      | Found a shimmering altar of Xom.
  5755 | D:5      | Found a glowing golden altar of the Shining One.
  5757 | D:5      | Found a glowing silver altar of Zin.
  5908 | D:5      | Found a white marble altar of Elyvilon.
  6194 | D:7      | Reached skill level 9 in Bows
  6360 | D:7      | Noticed Duvessa
  6361 | D:7      | Noticed Dowan
  6506 | D:6      | Found Iromoes's Quality Used Wands.
  6871 | D:7      | Reached ** piety under Okawaru
  6899 | D:7      | Killed Duvessa
  6899 | D:7      | Reached skill level 10 in Bows
  6911 | D:7      | Killed Dowan
  6994 | D:7      | Found a white marble altar of Elyvilon.
  7094 | D:7      | Noticed Crazy Yiuf
  7116 | D:7      | Killed Crazy Yiuf
  7149 | D:7      | Reached XP level 9. HP: 52/61 MP: 9/9
  7563 | D:6      | Found a bloodstained altar of Trog.
  7864 | D:8      | Found a flagged portal.
  7946 | D:8      | Found a radiant altar of Vehumet.
  7970 | Bailey   | Entered a bailey
  8047 | Bailey   | HP: 3/61 [centaur/halberd (7)]
  8048 | Bailey   | Slain by a centaur

Skill      XL: |  1  2  3  4  5  6  7  8 |
---------------+-------------------------+-----
Bows           | 4 5 6 7 8 10 | 10.7
Fighting       | |  2.0
Dodging        | |  1.5
Stealth        | |  0.7

Action                   |  1- 3 |  4- 6 |  7- 9 || total
-------------------------+-------+-------+-------++-------
Melee: Shortbow          |       |     1 |       ||     1
       Short sword       |       |       |   153 ||   153
       Quarterstaff      |       |       |    86 ||    86
 Fire: Shortbow          |    96 |   183 |   337 ||   616
Throw: Throwing net      |       |       |     4 ||     4
Invok: Heroism           |       |       |     1 ||     1
Evoke: Wand              |       |       |    12 ||    12
  Use: Scroll            |     2 |     2 |     9 ||    13
 Stab: Paralysed         |       |       |    48 ||    48
       Sleeping          |       |       |     1 ||     1
Armor: Leather armour    |     9 |    46 |   160 ||   215
Dodge: Dodged            |    17 |    61 |   217 ||   295
